 Dungeon Crawl Stone Soup version 0.22-a0-247-gbddf880 (console) character file.

17703 Evablue the Cleaver (level 12, -1/95 HPs)
             Began as a Formicid Fighter on Feb 25, 2018.
             Was a High Priest of Nemelex Xobeh.
             Slain by a phantasmal warrior (11 damage)
             ... led by a death knight
             ... on level 13 of the Dungeon.
             The game lasted 00:38:48 (13133 turns).

Evablue the Cleaver (Formicid Fighter)             Turns: 13133, Time: 00:38:48

Health: -1/95      AC: 21    Str: 24    XL:     12   Next: 85%
Magic:  20/20      EV:  6    Int: 10    God:    Nemelex Xobeh [*****.]
Gold:   770        SH: 21    Dex: 10    Spells: 11/11 levels left

rFire    . . .     SeeInvis +   V - +0 war axe (venom)
rCold    . . .     Gourm    .   p - +0 large shield
rNeg     . . .     Faith    .   G - +0 plate armour
rPois    +         Spirit   .   (helmet unavailable)
rElec    .         Reflect  +   L - +0 cloak
rCorr    .         Harm     .   (no gloves)
MR       .....                  (no boots)
Stlth    ..........             s - +4 amulet of reflection
HPRegen  0.25/turn              T - ring of poison resistance
MPRegen  0.17/turn              J - +6 ring of protection

@: vulnerable
A: permanent stasis, dig shafts and tunnels, four strong arms, antennae 3
a: Dig, Shaft Self, Triple Draw, Deal Four, Stack Five, Renounce Religion


You were on level 13 of the Dungeon.
You worshipped Nemelex Xobeh.
Nemelex Xobeh was extremely pleased with you.
You were not hungry.

You visited 1 branch of the dungeon, and saw 13 of its levels.
You also visited: Bailey.

You collected 770 gold pieces.

Inventory:

Hand Weapons
 B - a +2 whip of electrocution
 U - a +0 battleaxe
 V - a +0 war axe of venom (weapon)
 W - a +1 hand axe of electrocution
Armour
 b - a +0 scale mail
 c - a +0 shield
 p - a +0 large shield (worn)
 t - a +0 chain mail
 u - a +0 cloak
 G - a +0 plate armour (worn)
 L - a +0 cloak (worn)
Jewellery
 m - an uncursed amulet of harm
 s - a +4 amulet of reflection (around neck)
 w - an uncursed ring of ice
 H - a +2 ring of dexterity
 J - a +6 ring of protection (right hand)
 T - a ring of poison resistance (left hand)
Wands
 z - a wand of paralysis (15)
 I - a wand of polymorph (7)
 S - a wand of iceblast (12)
 Y - a wand of flame (31)
Scrolls
 e - 11 scrolls of identify
 h - 3 scrolls of immolation {unknown}
 k - a scroll of fear {unknown}
 o - a scroll of enchant armour {unknown}
 v - 4 scrolls of amnesia {unknown}
 x - 6 scrolls of remove curse {unknown}
 D - 2 scrolls of teleportation {unknown}
 K - a scroll of blinking {unknown}
 M - a scroll of magic mapping
 P - 4 scrolls of enchant weapon
Potions
 d - 3 potions of might
 g - 6 potions of curing {unknown}
 j - 2 potions of magic {unknown}
 l - 2 potions of mutation {unknown}
 n - 6 potions of flight
 r - a potion of resistance {unknown}
 C - a potion of brilliance {unknown}
 F - 3 potions of haste {unknown}
 X - a potion of lignification {unknown}
 Z - 4 potions of degeneration {unknown}
Miscellaneous
 a - an ornate deck of summoning
 q - a plain deck of summoning {drawn: 3}
 y - a plain deck of summoning
 A - an ornate deck of destruction {drawn: 2}
 E - a plain deck of destruction
 N - an ornate deck of summoning
 O - a plain deck of summoning
 Q - a legendary deck of summoning
 R - a legendary deck of escape
Comestibles
 f - 24 rations


   Skills:
 + Level 9.2 Fighting
 + Level 12.7 Axes
 + Level 8.2 Armour
 + Level 2.8 Dodging
 - Level 9.0 Shields
 * Level 10.7 Invocations


You had 11 spell levels left.
You didn't know any spells.

Dungeon Overview and Level Annotations

Branches:
Dungeon (13/15)            Temple (0/1) D:7            Lair (0/6) D:10
    Orc (0/2) D:10
 Vaults: D:13-14

Altars:
Makhleb
Nemelex Xobeh
Okawaru
Trog

Shops:
D:5 :   D:9 (   D:10 ?


Innate Abilities, Weirdness & Mutations

You cannot be hasted, slowed, berserked, paralysed or teleported.
You can dig through walls and to a lower floor.
Your four strong arms can wield two-handed weapons with a shield.
You have a pair of large antennae on your head. (SInv)


Message History

You slash the phantasmal warrior!
You destroy the phantasmal warrior!
You slash the phantasmal warrior!
The phantasmal warrior is moderately damaged.
The phantasmal warrior hits you but does no damage.
Your shield and plate armour prevent you from hitting the phantasmal warrior.
The phantasmal warrior is moderately damaged.
The phantasmal warrior hits you!
* * * LOW HITPOINT WARNING * * *
You hit the phantasmal warrior.
The phantasmal warrior is moderately damaged.
You block the phantasmal warrior's attack.
You hit the phantasmal warrior but do no damage.
The phantasmal warrior is moderately damaged.
You block the phantasmal warrior's attack.
Your shield and plate armour prevent you from hitting the phantasmal warrior.
The phantasmal warrior is moderately damaged.
The phantasmal warrior hits you!
You die...
Your body glows slightly and disappears.

### #@## ##W#
########.##############
..........a............
#....W....ยง<...........
#.........%............
#......................
#......................
#......................


You could see a phantasmal warrior.

Vanquished Creatures
  A two-headed ogre (D:11)
  Erica (D:10)
  An unseen horror (D:10)
  Pikel (D:5)
  A phantasmal warrior (D:13)
  An ugly thing (D:10)
  The ghost of Snelheid the Covert, a novice SpEn (D:4)
  A gargoyle (D:11)
  A komodo dragon (D:13)
  A freezing wraith (D:12)
  A troll (D:13)
  Prince Ribbit (D:7)
  3 hippogriffs
  A shadow (D:12)
  2 vampires
  5 yaks (D:10)
  Grum (D:10)
  A wyvern (D:6)
  2 hungry ghosts
  A soldier ant (D:13)
  A water moccasin (D:11)
  Duvessa (D:5)
  4 porcupines (D:10)
  A floating eye (D:13)
  3 ice beasts
  18 orc warriors
  A slave (D:5)
  4 phantoms
  3 wolves (D:10)
  8 ogres
  2 crocodiles (D:10)
  7 centaurs
  3 big kobolds
  8 bullfrogs
  A water moccasin zombie (D:5)
  6 scorpions
  Dowan (D:5)
  10 killer bees
  3 wights
  2 howler monkeys
  A centaur zombie (D:5)
  3 crimson imps
  2 bullfrog zombies
  2 quasits
  5 jellies
  5 hounds
  6 orc priests
  2 bullfrog skeletons
  2 centaur skeletons
  4 iguanas
  9 orc wizards
  8 worker ants
  3 hound zombies
  A worker ant zombie (D:6)
  Robin (D:2)
  17 gnolls
  8 adders
  A howler monkey skeleton (D:6)
  4 shadow imps
  13 oozes
  2 adder skeletons
  4 worms
  3 dart slugs
  6 leopard geckos
  83 orcs
  6 bats
  4 giant cockroaches
  21 goblins
  11 hobgoblins
  16 jackals
  33 kobolds
  5 quokkas
  2 ball pythons (D:2)
  2 ball python skeletons
  8 frilled lizards
  A leopard gecko skeleton (D:8)
  A leopard gecko zombie (D:5)
  8 rats
  2 plants (D:10)
430 creatures vanquished.

Vanquished Creatures (collateral kills)
  A centaur warrior (D:8)
  2 two-headed ogres (D:8)
  The ghost of EPluribusUnum the Ogre Mage, a novice OgAE of Sif Muna (D:9)
  A hornet (D:8)
  A basilisk (D:10)
  An orc warrior (D:11)
  A wyvern skeleton (D:11)
  An orc (D:11)
  A goblin (D:11)
10 creatures vanquished.

Vanquished Creatures (others)
  5 centaurs
  A worker ant (D:5)
  2 orcs
  A bush (D:10)
  5 fungi
  9 plants (D:10)
  9 toadstools (D:3)
32 creatures vanquished.

Grand Total: 472 creatures vanquished

Notes
Turn   | Place    | Note
-------+----------+-------------------------------------------
     0 | D:1      | Evablue the Formicid Fighter began the quest for the Orb.
     0 | D:1      | Reached XP level 1. HP: 18/18 MP: 1/1
    70 | D:1      | Reached XP level 2. HP: 23/24 MP: 2/2
   288 | D:1      | Reached XP level 3. HP: 23/29 MP: 3/3
  1047 | D:2      | Reached XP level 4. HP: 35/37 MP: 4/4
  1064 | D:2      | Found a sparkling altar of Nemelex Xobeh.
  1068 | D:2      | Became a worshipper of Nemelex Xobeh the Trickster
  1122 | D:2      | Received a gift from Nemelex Xobeh
  1229 | D:2      | Noticed Robin
  1296 | D:2      | Killed Robin
  1296 | D:2      | Reached skill level 3 in Axes
  1766 | D:2      | Reached XP level 5. HP: 42/42 MP: 5/5
  2324 | D:3      | Reached skill level 1 in Invocations
  2428 | D:3      | Reached * piety under Nemelex Xobeh
  2577 | D:3      | Reached XP level 6. HP: 39/48 MP: 6/6
  2860 | D:3      | Reached skill level 5 in Shields
  2863 | D:3      | Reached skill level 4 in Axes
  2977 | D:4      | Received a gift from Nemelex Xobeh
  3285 | D:4      | Noticed Snelheid's ghost (novice SpEn)
  3292 | D:4      | Killed Snelheid's ghost
  3292 | D:4      | Reached skill level 5 in Axes
  3292 | D:4      | Reached skill level 1 in Dodging
  3292 | D:4      | Reached XP level 7. HP: 46/55 MP: 7/9
  3592 | D:4      | Reached XP level 8. HP: 58/61 MP: 10/10
  3975 | D:4      | Reached ** piety under Nemelex Xobeh
  3975 | D:4      | Received a gift from Nemelex Xobeh
  4279 | D:5      | Entered Level 5 of the Dungeon
  4417 | D:5      | Reached skill level 6 in Axes
  4441 | D:5      | Reached skill level 5 in Fighting
  4456 | D:5      | Found a bloodstained altar of Trog.
  4684 | D:5      | Noticed Pikel
  4701 | D:5      | Killed Pikel
  4701 | D:5      | Reached skill level 7 in Axes
  4701 | D:5      | Reached skill level 5 in Invocations
  4701 | D:5      | Reached XP level 9. HP: 32/68 MP: 12/12
  4859 | D:5      | Reached skill level 5 in Armour
  5013 | D:5      | Found Woets's Book Shoppe.
  5013 | D:5      | Received a gift from Nemelex Xobeh
  5015 | D:5      | Noticed Dowan
  5018 | D:5      | Noticed Duvessa
  5023 | D:5      | Killed Dowan
  5046 | D:5      | Killed Duvessa
  5132 | D:5      | Reached skill level 8 in Axes
  5610 | D:6      | Reached XP level 10. HP: 65/76 MP: 14/14
  5773 | D:6      | Received a gift from Nemelex Xobeh
  5782 | D:6      | Reached *** piety under Nemelex Xobeh
  5920 | D:6      | Received a gift from Nemelex Xobeh
  6061 | D:6      | Found a sparkling altar of Nemelex Xobeh.
  6884 | D:7      | Noticed Prince Ribbit
  6904 | D:7      | Killed Prince Ribbit
  6953 | D:7      | Reached skill level 9 in Axes
  6966 | D:7      | Found a staircase to the Ecumenical Temple.
  7285 | D:8      | Received a gift from Nemelex Xobeh
  7304 | D:8      | Reached **** piety under Nemelex Xobeh
  7445 | D:8      | Noticed a two-headed ogre
  7457 | D:8      | Killed a two-headed ogre
  7559 | D:8      | Received a gift from Nemelex Xobeh
  7786 | D:8      | Noticed a two-headed ogre
  7794 | D:8      | Killed a two-headed ogre
  7812 | D:8      | Found a burning altar of Makhleb.
  7852 | D:8      | Reached XP level 11. HP: 50/83 MP: 17/17
  8066 | D:8      | Received a gift from Nemelex Xobeh
  8222 | D:8      | Found a bloodstained altar of Trog.
  8518 | D:9      | Noticed EPluribusUnum's ghost (novice OgAE)
  8532 | D:8      | Reached skill level 10 in Axes
  8537 | D:9      | Noticed a centaur warrior
  8572 | D:8      | Killed a centaur warrior
  8808 | D:9      | Killed EPluribusUnum's ghost
  8829 | D:9      | Reached ***** piety under Nemelex Xobeh
  9389 | D:9      | Found an iron altar of Okawaru.
  9431 | D:9      | Found Muxzallyxe's Antique Weapon Emporium.
  9659 | D:10     | Entered Level 10 of the Dungeon
  9726 | D:10     | Noticed an unseen horror
  9741 | D:10     | Killed an unseen horror
  9754 | D:10     | Found Mommeih's Magic Scroll Emporium.
  9822 | D:10     | Found a staircase to the Orcish Mines.
  9867 | D:10     | Received a gift from Nemelex Xobeh
  9912 | D:10     | Reached skill level 11 in Axes
 10223 | D:10     | Found a staircase to the Lair.
 10289 | D:10     | Noticed a cyan ugly thing
 10296 | D:10     | Killed a cyan ugly thing
 10490 | D:10     | Noticed Grum
 10506 | D:10     | Killed Grum
 10529 | D:10     | Noticed Erica
 10553 | D:10     | Killed Erica
 10553 | D:10     | Reached XP level 12. HP: 83/92 MP: 19/19
 10851 | D:11     | Found a burning altar of Makhleb.
 10871 | D:11     | Noticed a two-headed ogre
 10876 | D:11     | Killed a two-headed ogre
 10895 | D:11     | Reached skill level 10 in Invocations
 11050 | D:11     | Found a flagged portal.
 11055 | Bailey   | Entered a bailey
 11514 | Bailey   | Reached skill level 12 in Axes
 11570 | Bailey   | Received a gift from Nemelex Xobeh
 12124 | D:11     | You fall through a shaft for 2 floors!
 12958 | D:12     | Noticed a death knight
 13109 | D:13     | a death knight changed into a floating eye
 13133 | D:13     | Slain by a phantasmal warrior

Vault maps used:
D:1:      dpeg_arrival_leaves_temple_mockup
D:2:      nemelex_lonely_heart_becter, uniq_robin
D:3:      cheibrodos_fertilizer, hangedman_abyss_or_decor_lesser_grid
D:4:      corexii_shantytown, first_ration, portal_sewer_entry_d,
          hex_intersection
D:5:      wad_crossroads, serial_shops, shop, trog_three_pillars_becter,
          uniq_pikel, uniq_duvessa
D:6:      nemelex_spade_bored_becter
D:7:      minmay_temple_entry_large_hall, uniq_prince_ribbit1
D:8:      kennysheep_mini_moat, bloody_makhleb
D:9:      serial_shops, nicolae_shop_temple_entry_statues_fountains,
          blue_anna_alchemist, grunt_ministairs_10, kennysheep_okawaru_gauntlet
D:10:     minmay_lair_entry_grove, orc_0_dummy, serial_shops, shop, uniq_erica,
          uniq_grum
D:11:     basic_altar, special_room, enter_bailey_3
D:12:     uniq_kirke
D:13:     minmay_wavy_crystal, serial_shops, shop,
          nicolae_trove_entry_free_sample, kb_tengu_band
Bailey:   bailey_polearm_flooded_kennysheep, bailey

Skill      XL: |  1  2  3  4  5  6  7  8  9 10 11 12 |
---------------+-------------------------------------+-----
Shields        | 4 5 7 8 9 |  9.0
Axes           | 3 5 7 8 9 11 12 | 12.7
Fighting       | 4 5 6 8 9 |  9.2
Invocations    | 1 2 3 5 6 8 9 10 | 10.7
Armour         | 4 5 7 8 |  8.2
Dodging        | 1 2 |  2.8

Action                   |  1- 3 |  4- 6 |  7- 9 | 10-12 || total
-------------------------+-------+-------+-------+-------++-------
Melee: War axe           |    97 |   285 |   381 |  1106 ||  1869
 Abil: Dig               |       |     1 |     5 |     5 ||    11
       Shaft Self        |       |       |       |     1 ||     1
Evoke: Deck              |       |     1 |       |    21 ||    22
  Use: Potion            |       |     2 |       |     2 ||     4
       Scroll            |       |       |       |     3 ||     3
 Stab: Petrified         |       |       |       |     3 ||     3
  Eat: Chunk             |     1 |     7 |     9 |    26 ||    43
       Ration            |       |       |       |     1 ||     1
Armor: Scale mail        |    35 |   114 |     4 |       ||   153
       Chain mail        |       |       |    83 |    13 ||    96
       Plate armour      |       |       |       |   351 ||   351
Dodge: Dodged            |    25 |    97 |    39 |   118 ||   279
Block: Shield            |    71 |   174 |       |       ||   245
       Large shield      |       |    31 |   395 |  1184 ||  1610
       Reflection        |       |     2 |     5 |    44 ||    51

Table legend:
 A = Spawn XP
 B = Non-spawn XP
 C = Spawn XP percentage of total XP
 D = Spawn monster count
 E = Non-spawn monster count
 F = Spawn count percentage of total count
 G = Total turns spent on level
                    A         B        C        D         E        F      G
               +---------+---------+-------+---------+---------+-------+---------
         Total |       0 |   25290 |   0.0 |       0 |     444 |   0.0 | 13133
               +---------+---------+-------+---------+---------+-------+---------
           D:1 |       0 |      64 |   0.0 |       0 |      32 |   0.0 |   974
           D:2 |       0 |      82 |   0.0 |       0 |      27 |   0.0 |  1077
           D:3 |       0 |     280 |   0.0 |       0 |      44 |   0.0 |  1033
           D:4 |       0 |     725 |   0.0 |       0 |      47 |   0.0 |  1195
           D:5 |       0 |    2434 |   0.0 |       0 |      41 |   0.0 |  1251
           D:6 |       0 |     854 |   0.0 |       0 |      22 |   0.0 |  1080
           D:7 |       0 |    1302 |   0.0 |       0 |      26 |   0.0 |   848
           D:8 |       0 |    3302 |   0.0 |       0 |      21 |   0.0 |  1560
           D:9 |       0 |    1754 |   0.0 |       0 |      37 |   0.0 |   653
          D:10 |       0 |    5756 |   0.0 |       0 |      45 |   0.0 |  1132
          D:11 |       0 |    2650 |   0.0 |       0 |      37 |   0.0 |   407
          D:12 |       0 |    1006 |   0.0 |       0 |       8 |   0.0 |   101
          D:13 |       0 |    2786 |   0.0 |       0 |      18 |   0.0 |   908
        Bailey |       0 |    2295 |   0.0 |       0 |      39 |   0.0 |   914
               +---------+---------+-------+---------+---------+-------+---------
